 Dungeon Crawl Stone Soup version 0.32-a0-960-g3814254bd7 (webtiles) character file.

Game seed: 13371416319088992616

1387 snarfax the Shooter (level 8, -1/61 HPs)
             Began as a Coglin Hunter on Apr 17, 2024.
             Was a Believer of Dithmenos.
             Slain by Joseph
             ... wielding a +0 quarterstaff
              (11 damage)
             ... on level 7 of the Dungeon.
             The game lasted 00:11:56 (5688 turns).

snarfax the Shooter (Coglin Hunter)                 Turns: 5688, Time: 00:11:56

Health: -1/61      AC:  9    Str: 12    XL:     8   Next: 67%
Magic:  8/8        EV: 11    Int:  9    God:    Dithmenos [**....]
Gold:   470        SH:  0    Dex: 19    Spells: 7/7 levels left

rFire   . . .        a - +3 sling (freeze) {Ernst}
rCold   . . .        C - +0 falchion (protect) {Sanghe}
rNeg    . . .        i - +0 ring mail
rPois   .            e - +2 helmet
rElec   .            (no cloak)
rCorr   .            l - +0 pair of gloves
SInv    .            (no boots)
Will    .....        (amulet unavailable)
Stlth   +++          (ring unavailable)
HPRegen 0.30/turn    (ring unavailable)
MPRegen 0.11/turn    (no gizmo)

%: no passive effects
@: mighty, wreathed by umbra, revved
A: off-hand wielding, slow wielding, warmup strikes, no jewellery
a: Invent Gizmo, Renounce Religion, Shadow Step


You were on level 7 of the Dungeon.
You worshipped Dithmenos.
Dithmenos was pleased with you.
You visited 1 branch of the dungeon, and saw 7 of its levels.
You also visited: Ossuary.

You collected 470 gold pieces.

Inventory:

Hand Weapons
 a - a +3 sling of freezing (weapon) {Ernst}
 d - a +0 sling {Xiuying}
 C - a +0 falchion of protection (offhand) {Sanghe}
Missiles
 q - a throwing net
Armour
 e - a +2 helmet (worn)
 i - a +0 ring mail (worn)
 l - a +0 pair of gloves (worn)
Wands
 h - a wand of roots (5)
Scrolls
 b - 3 scrolls of butterflies
 g - 2 scrolls of vulnerability
 m - 2 scrolls of identify
 n - 2 scrolls of teleportation
 p - a scroll of fog {unknown}
 u - a scroll of enchant weapon
 y - a scroll of poison {unknown}
 z - a scroll of revelation {unknown}
 B - a scroll of blinking
Potions
 c - 2 potions of invisibility
 f - 2 potions of curing
 j - a potion of degeneration {unknown}
 k - 2 potions of brilliance
 o - 2 potions of might
 r - a potion of berserk rage {unknown}
 s - 4 potions of cancellation
 t - 3 potions of heal wounds {unknown}
 v - a potion of haste {unknown}
 w - a potion of enlightenment {unknown}
 x - 2 potions of attraction {unknown}
 A - a potion of mutation {unknown}


   Skills:
 + Level 4.9 Fighting
 + Level 0.8 Long Blades
 * Level 7.0 Ranged Weapons
 + Level 4.4 Dodging
 + Level 4.1 Stealth


You had 7 spell levels left.
You didn't know any spells.
Your spell library contained the following spells:

 Spells                   Type           Power      Damage    Failure   Level
 Magic Dart               Conj           0%         1d3       67%         1
 Sandblast                Erth           0%         2d4       67%         1
 Blink                    Tloc           0%         N/A       80%         2
 Call Imp                 Summ           0%         N/A       80%         2
 Call Canine Familiar     Summ           0%         N/A       95%         3
 Passwall                 Erth           0%         N/A       95%         3
 Sigil of Binding         Hex            0%         N/A       95%         3
 Stone Arrow              Conj/Erth      0%         3d7       95%         3
 Dimensional Bullseye     Hex/Tloc       0%         N/A       100%        4


Dungeon Overview and Level Annotations

Branches:
Dungeon (7/15)             Temple (0/1) D:5         Ossuary (visited)

Altars:
Ashenzari
Dithmenos
Elyvilon
Kikubaaqudgha
Nemelex Xobeh
Qazlal
Ru
Sif Muna

Annotations:
D:7 Joseph


Innate Abilities, Weirdness & Mutations

You can wield a second weapon in your off-hand.
It takes a long time for you to wield or remove held weapons.
Your first few attacks do less damage.
You cannot equip rings or amulets.


Message History

You are too injured to fight recklessly!
You are too injured to fight recklessly!
You are too injured to fight recklessly!
Unknown command.
Okay, then.
Joseph unwields a +0 sling of flaming.
It stops flaming.
Joseph wields a +0 quarterstaff.
Joseph hits you with a +0 quarterstaff.
There is an open door, spattered with blood here.
Things that are here:
a +0 dagger; a +0 ring mail; an orc corpse You shoot a sling bullet.
The sling bullet hits Joseph.
The sling bullet freezes Joseph.
Joseph is lightly wounded.
Joseph hits you with a +0 quarterstaff.
You shoot a sling bullet. The sling bullet barely misses Joseph.
Joseph closely misses you.
You shoot a sling bullet. The sling bullet barely misses Joseph.
Joseph closely misses you.
You shoot a sling bullet.
The sling bullet hits Joseph but does no damage.
Joseph is lightly wounded.
Joseph hits you but does no damage.
You shoot a sling bullet. The sling bullet closely misses Joseph.
Joseph hits you with a +0 quarterstaff.
* * * LOW HITPOINT WARNING * * *
You shoot a sling bullet. The sling bullet closely misses Joseph.
Joseph hits you with a +0 quarterstaff!
* * * LOW HITPOINT WARNING * * *
Joseph hits you but does no damage.
You feel very mighty all of a sudden. Joseph closely misses you.
You shoot a sling bullet. The sling bullet hits Joseph.
The sling bullet freezes Joseph.
Joseph is lightly wounded.
Joseph closely misses you.
You shoot a sling bullet. The sling bullet barely misses Joseph.
Joseph closely misses you.
You shoot a sling bullet. The sling bullet closely misses Joseph.
Joseph hits you with a +0 quarterstaff!
You die...

########### ##...##
##...##
##.....###!.$..##
#...)...#...?...#
#.......#.......#
#.......#.......#
##.....###.....# ##...##
#.@.# ##
####)#######@#######
.####...................
........................
.####...................
(# ####'#######†#######
.# ##...## ##...## .#
##.....###.....## .#
#...)...#.......# .#
#.......#.......#


You could see Joseph.

Vanquished Creatures
  A water moccasin (D:6)
  An ice beast (D:6)
  An ogre (D:4)
  A centaur (D:7)
  A kobold brigand (D:7)
  A gnoll sergeant (D:5)
  2 scorpions
  4 bombardier beetles
  2 orc priests
  3 hounds
  A gnoll bouda (D:4)
  Ijyb (D:3)
  2 iguanas (D:6)
  An orc wizard (D:6)
  Terence (D:3)
  8 mummies (Ossuary)
  11 adders
  3 gnolls (D:5)
  A shadow imp (D:7)
  A white imp (D:6)
  2 ufetubi (D:5)
  A ribbon worm (D:2)
  4 dart slugs
  10 orcs
  6 endoplasms
  2 giant cockroaches
  2 gnoll zombies (Ossuary)
  4 goblins
  4 hobgoblins
  4 jackals
  A quokka (D:1)
  8 ball pythons
  4 bats
  4 frilled lizards
  9 kobolds
  3 kobold zombies (Ossuary)
  3 orc zombies (Ossuary)
  A rat (D:2)
119 creatures vanquished.

Notes
Turn   | Place    | Note
-------+----------+-------------------------------------------
     0 | D:1      | snarfax the Coglin Hunter began the quest for the Orb.
     0 | D:1      | Reached XP level 1. HP: 16/16 MP: 1/1
   136 | D:1      | Reached skill level 1 in Stealth
   145 | D:1      | Found a faded altar of an unknown god.
   160 | D:1      | Reached XP level 2. HP: 22/22 MP: 2/2
   662 | D:2      | Reached XP level 3. HP: 28/28 MP: 3/3
   902 | D:2      | Reached skill level 4 in Ranged Weapons
  1098 | D:2      | Reached XP level 4. HP: 18/34 MP: 4/4
  1296 | D:2      | Found a shadowy altar of Dithmenos.
  1319 | D:2      | Became a worshipper of Dithmenos the Shadowed
  1479 | D:3      | Noticed Ijyb
  1558 | D:3      | Killed Ijyb
  1618 | D:3      | Noticed Terence
  1624 | D:3      | Killed Terence
  1625 | D:3      | Reached XP level 5. HP: 40/40 MP: 5/5
  1940 | D:3      | Found the +6 lightning scales {swift, rElec}
  2254 | D:4      | Reached XP level 6. HP: 37/47 MP: 6/6
  2513 | D:4      | Reached skill level 5 in Ranged Weapons
  2636 | D:4      | Reached * piety under Dithmenos
  2760 | D:4      | Found a stormy altar of Qazlal.
  2815 | D:4      | Reached XP level 7. HP: 37/53 MP: 7/7
  3134 | D:5      | Entered Level 5 of the Dungeon
  3517 | D:5      | Found a staircase to the Ecumenical Temple.
  3717 | D:5      | Found a broken altar of Ashenzari.
  3721 | D:5      | Found a shimmering blue altar of Sif Muna.
  3724 | D:5      | Found a sparkling altar of Nemelex Xobeh.
  3733 | D:5      | Found a sacrificial altar of Ru.
  3735 | D:5      | Found an ancient bone altar of Kikubaaqudgha.
  3922 | D:5      | HP: 1/53 [gnoll/+0 spear[a gnoll sergeant] (7)]
  4394 | D:6      | Found a white marble altar of Elyvilon.
  4495 | D:6      | Reached skill level 6 in Ranged Weapons
  4533 | D:6      | Reached XP level 8. HP: 30/61 MP: 8/8
  4555 | D:6      | Found a sand-covered staircase.
  4605 | Ossuary  | Entered an ossuary
  4731 | Ossuary  | Reached ** piety under Dithmenos
  5648 | D:7      | Reached skill level 7 in Ranged Weapons
  5665 | D:7      | Noticed Joseph
  5688 | D:7      | Slain by Joseph

Illustrated notes

Levels and vault maps discovered:
D:1:      dpeg_arrival_tiny_d, layout_loops_ring,
          chequers_ecumenical_altar_lobes
D:2:      layout_loops_ring, basic_altar, minmay_unequal
D:3:      layout_basic, minmay_strange_pillars, uniq_terence, uniq_ijyb
D:4:      layout_basic, kennysheep_mini_moat, kennysheep_decorative_pillar,
          roderic_roman_lattice, st_stairs_1
D:5:      layout_basic, minmay_overflow_temple_star_hex,
          minmay_temple_entry_proselytizer
D:6:      layout_gridville, elyvilon_altar_5, enter_ossuary_2
D:7:      kennysheep_six_static_rooms, layout_basic, interstate_on_off,
          uniq_joseph

Skill      XL: |  1  2  3  4  5  6  7  8 |
---------------+-------------------------+-----
Stealth        | 1 2 3 4 |  4.1
Dodging        | 2 3 4 |  4.4
Ranged Weapons | 4 5 6 7 |  7.0
Fighting       | 3 4 |  4.9
Long Blades    | |  0.8

Action                     |  1- 3 |  4- 6 |  7- 9 || total
---------------------------+-------+-------+-------++-------
   Fire: Sling             |   110 |   160 |   271 ||   541
    Use: Scroll            |       |     5 |    10 ||    15
         Potion            |       |       |     3 ||     3
 Armour: Leather armour    |    10 |    27 |       ||    37
         Ring mail         |       |    36 |   120 ||   156
  Dodge: Dodged            |    14 |    45 |    97 ||   156

Table legend: (Time is in decaauts)
 A = Elapsed time spent in this place.
 B = Non-inter-level travel time spent in this place.
 C = Inter-level travel time spent in this place.
 D = Time resting spent in this place.
 E = Time spent auto-exploring this place.
 F = Levels seen in this place.
 G = Mean time per level.
                   A        B        C        D        E       F      G
               +--------+--------+--------+--------+--------+-----+--------+
         Total |   5808 |   5630 |    178 |    250 |   4290 |   8 |  726.0 |
       Dungeon |   5488 |   5310 |    178 |    247 |   4103 |   7 |  784.0 |
       Ossuary |    319 |    319 |      0 |      3 |    187 |   1 |  319.0 |
               +--------+--------+--------+--------+--------+-----+--------+

Top non-repeatable levels by time:
     D:5: 1249 daAuts
     D:4: 1012 daAuts
     D:2: 905 daAuts
     D:6: 702 daAuts
     D:1: 660 daAuts
     D:3: 620 daAuts
     D:7: 339 daAuts
 Ossuary: 319 daAuts
